 Dungeon Crawl Stone Soup version 0.19.0-24-gb05acd6 (webtiles) character file.

28 ChaseSP the Changer (level 3, -2/17 HPs)
             Began as a Vine Stalker Transmuter on Nov 22, 2016.
             Slain by a gnoll
             ... wielding a +0 whip
              (4 damage)
             ... on level 2 of the Dungeon.
             The game lasted 00:01:40 (882 turns).

ChaseSP the Changer (Vine Stalker Transmuter)        Turns: 882, Time: 00:01:41

Health: -2/17      AC:  3    Str: 13    XL:     3   Next: 14%
Magic:  0/7        EV: 12    Int: 13    God:
Gold:   75         SH:  0    Dex: 14    Spells: 1 memorised, 5 levels left

rFire  . . .     SeeInvis .       - Unarmed
rCold  . . .     Gourm    .     l - +0 leather armour
rNeg   . . .     Faith    .     (no shield)
rPois  .         Spirit   +     (no helmet)
rElec  .         Reflect  .     (no cloak)
rCorr  .         Harm     .     (no gloves)
MR     .....                    (no boots)
Stlth  +.........               (no amulet)
                                (no ring)
                                (no ring)

@: appendage (expiring)
A: fangs 2, horns 2, magic shield, antimagic bite, no device heal 3, rot
immunity
a: End Transformation


You were on level 2 of the Dungeon.
You were not hungry.
You had grown temporary horns.
You visited 1 branch of the dungeon, and saw 2 of its levels.

You collected 75 gold pieces.

Inventory:

Missiles
 a - 12 arrows
Armour
 b - a +0 robe
 l - a +0 leather armour (worn)
Scrolls
 f - 2 scrolls of recharging {unknown}
 h - a scroll of remove curse {unknown}
 k - 2 scrolls of teleportation {unknown}
Potions
 e - a potion of haste {unknown}
 i - 3 potions of curing {unknown}
Books
 c - a book of Changes

   Spells                             Type                      Level
   a - Beastly Appendage              Transmutation                1
   b - Sticks to Snakes               Transmutation                2
   c - Spider Form                    Transmutation/Poison         3
   d - Ice Form                       Ice/Transmutation            4
   e - Blade Hands                    Transmutation                5
Comestibles
 d - a bread ration
 j - a beef jerky


   Skills:
 - Level 0.8 Fighting
 - Level 1.5 Dodging
 - Level 3.0 Unarmed Combat
 - Level 2.1 Spellcasting
 + Level 3.5 Transmutations


You had 5 spell levels left.
You knew the following spells:

 Your Spells              Type           Power        Failure   Level  Hunger
a - Beastly Appendage     Tmut           ##....       10%         1    ##.....


Dungeon Overview and Level Annotations

Branches:
Dungeon (2/15)

Altars:


Innate Abilities, Weirdness & Mutations

You have extremely sharp teeth.
When hurt, damage is shared between your health and your magic reserves.
Your bite disrupts and absorbs the magic of your enemies.
Potions and wands cannot restore your health.
You are immune to rotting.
You have a pair of horns on your head.


Message History

You have reached level 3!
Your experience leads to an increase in your attributes!
Increase (S)trength, (I)ntelligence, or (D)exterity?
You feel stronger.
You closely miss the gnoll. You bite the gnoll, but do no damage.
Your transformation is almost over.
The gnoll hits you with a whip!
* * * LOW HITPOINT WARNING * * *
You hit the gnoll but do no damage. You headbutt the gnoll!
Your bite misses the gnoll.
The gnoll is severely wounded.
The gnoll barely misses you.
You hit the gnoll but do no damage. Your bite misses the gnoll.
The gnoll is severely wounded.
The gnoll hits you with a whip.
* * * LOW HITPOINT WARNING * * *
You hit the gnoll.
The gnoll is almost dead.
The gnoll hits you with a whip.
You die...

... ##g.# ####
#.###..## ..#
#....(.## #.#
####......
#.#####....#####
###..##...####
#....g.g###
#g#####.# ##@# #...
#..# #####
#######.##
#.......###########
#......#...........
#.......<##########
#......### #.$....
#######


You could see a gnoll.

Vanquished Creatures
  A gnoll (D:2)
  A leopard gecko (D:1)
  A giant cockroach (D:1)
  3 goblins (D:1)
  A hobgoblin (D:2)
  2 kobolds (D:1)
  A ball python (D:1)
  4 bats
  2 frilled lizards (D:1)
  3 rats (D:1)
19 creatures vanquished.

Notes
Turn   | Place    | Note
-------+----------+-------------------------------------------
     0 | D:1      | ChaseSP the Vine Stalker Transmuter began the quest for the Orb.
     0 | D:1      | Reached XP level 1. HP: 9/9 MP: 4/4
   191 | D:1      | Reached XP level 2. HP: 10/14 MP: 6/6
   878 | D:2      | Reached XP level 3. HP: 9/17 MP: 7/7
   882 | D:2      | Slain by a gnoll

Skill      XL: |  1  2 |
---------------+-------+-----
Transmutations | 3 |  3.5
Fighting       | |  0.8
Dodging        | |  1.5
Unarmed Combat | |  3.0
Spellcasting   | |  2.1

Action                   || total
-------------------------++-------
Melee: Unarmed           ||    70
       Bite              ||    17
       Headbutt          ||     2
 Cast: Beastly Appendage ||     1
 Stab: Sleeping          ||     1
Armor: Robe              ||    15
       Leather armour    ||    16
Dodge: Dodged            ||    56
